 Dungeon Crawl Stone Soup version 0.19-b1-5-gdc9fa9d (webtiles) character file.

5712 varam the Cruncher (level 10, -11/59 HPs)
             Began as a Gargoyle Gladiator on Oct 31, 2016.
             Was an Elder of Okawaru.
             Killed by divine providence
             ... invoked by an orc priest
              (12 damage)
             ... on level 9 of the Dungeon.
             The game lasted 00:21:39 (9604 turns).

varam the Cruncher (Gargoyle Gladiator)             Turns: 9604, Time: 00:21:40

Health: -11/59     AC: 22    Str: 22    XL:     10   Next: 76%
Magic:  11/12      EV: 19    Int: 10    God:    Okawaru [****..]
Gold:   452        SH:  0    Dex: 12    Spells: 0 memorised, 9 levels left

rFire  + . .     SeeInvis .     a - +0 quarterstaff
rCold  + . .     Gourm    +     N - +5 ring mail "Dycsoh" {rC+ MR+ Str+3}
rNeg   + . .     Faith    .     (shield currently unavailable)
rPois  ∞         Spirit   .     c - +0 helmet
rElec  +         Reflect  .     G - +0 cloak
rCorr  .         Harm     .     (no gloves)
MR     +....                    (no boots)
Stlth  ++........               l - amulet of the gourmand
                                b - ring of protection from fire
                                r - +4 ring of evasion

@: heroism
A: negative energy resistance 1, electricity resistance, unbreathing,
petrification resistance, rot immunity, AC +7
a: Heroism, Renounce Religion


You were on level 9 of the Dungeon.
You worshipped Okawaru.
Okawaru was greatly pleased with you.
You were completely stuffed.

You visited 2 branches of the dungeon, and saw 10 of its levels.

You collected 452 gold pieces.

Inventory:

Hand Weapons
 a - a +0 quarterstaff (weapon)
 F - a +2 antimagic hand axe
Missiles
 d - 3 throwing nets (quivered)
 p - 17 tomahawks
Armour
 c - a +0 helmet (worn)
 v - a +0 ring mail
 G - a +0 cloak (worn)
 N - the +5 ring mail "Dycsoh" (worn) {rC+ MR+ Str+3}
   (You found it on level 6 of the Dungeon)

   It affects your strength (+3).
   It protects you from cold.
   It affects your resistance to hostile enchantments.
Jewellery
 b - a ring of protection from fire (right hand)
 l - an amulet of the gourmand (around neck)
 r - a +4 ring of evasion (left hand)
 D - an uncursed ring of wizardry
Wands
 A - a wand of slowing (19/48)
 C - a wand of lightning (9/15)
 J - a wand of confusion (27/48)
 V - a wand of paralysis (8/24)
Scrolls
 e - 4 scrolls of teleportation
 g - 2 scrolls of enchant armour {unknown}
 h - 4 scrolls of identify {unknown}
 n - 4 scrolls of random uselessness {unknown}
 o - 2 scrolls of recharging {unknown}
 q - a scroll of fear {unknown}
 t - a scroll of noise {unknown}
 x - 2 scrolls of magic mapping {unknown}
 y - 3 scrolls of remove curse {unknown}
 E - a scroll of amnesia {unknown}
 R - 2 scrolls of enchant weapon {unknown}
 S - a scroll of silence {unknown}
 U - a scroll of brand weapon {unknown}
Potions
 i - a potion of degeneration {unknown}
 k - 2 potions of flight {unknown}
 m - 2 potions of brilliance
 s - a potion of magic {unknown}
 w - a potion of beneficial mutation {unknown}
 z - a potion of agility
 I - a potion of might {unknown}
 K - a potion of heal wounds {unknown}
 L - a potion of mutation {unknown}
 M - a potion of invisibility {unknown}
 T - a potion of cure mutation {unknown}
Books
 H - a book of Cantrips

   Spells                             Type                      Level
   a - Confusing Touch                Hexes                        1
   b - Animate Skeleton               Necromancy                   1
   c - Summon Small Mammal            Summoning                    1
   d - Apportation                    Translocation                1
Comestibles
 f - 5 bread rations
 j - 8 meat rations
 u - a slice of pizza
 B - a royal jelly
 O - 6 fruits
 P - a beef jerky
 Q - 8 chunks of flesh


   Skills:
 - Level 5.4(10.4) Fighting
 + Level 13.7(18.7) Staves
 - Level 1.7(6.7) Throwing
 - Level 5.0(10.0) Armour
 - Level 2.4(7.4) Dodging
 - Level 3.0 Invocations


You had 9 spell levels left.
You didn't know any spells.

Dungeon Overview and Level Annotations

Branches:
Dungeon (9/15)             Temple (1/1) D:4            Lair (0/6) D:9
    Orc (0/2) D:9

Altars:
Ashenzari
Cheibriados
Dithmenos
Elyvilon
Fedhas
Gozag
Hepliaklqana
Kikubaaqudgha
Makhleb
Nemelex Xobeh
Okawaru
Qazlal
Ru
Sif Muna
Trog
Uskayaw
Vehumet
Xom
Yredelemnul
Zin
The Shining One


Innate Abilities, Weirdness & Mutations

You are resistant to torment.
Your stone body is resilient. (AC +7)
You are immune to poison.
You resist negative energy. (rN+)
You are resistant to electric shocks. (rElec)
You can survive without breathing.
You are immune to petrification.
You are immune to rotting.


Message History

Okawaru accepts your kill.
The orc priest calls down the wrath of Beogh upon you.
Beogh smites you!
* * * LOW HITPOINT WARNING * * *
You closely miss the orc wizard. The orc wizard completely misses you.
You hit the orc wizard but do no damage.
The orc wizard hits you but does no damage.
You closely miss the orc wizard. The orc wizard closely misses you.
You completely miss the orc wizard.
The orc wizard gestures wildly while chanting.
The orc wizard blinks!
The orc priest calls down the wrath of Beogh upon you.
Beogh smites you!
* * * LOW HITPOINT WARNING * * *
Things that are here:
a club; a giant spiked club; a black bear corpse You hit the orc priest but do no damage.
The orc priest invokes the aid of Beogh against you.
Beogh smites you!
You die...

########..........#........##....
#_## #...........##.........#....
...8##.oo..............##...#....
....##..#####..........##...#....
....8#..# #....o.....##...#....
....##.(# #..........##...#....
...8##oo# #.................... .
#..# #...o......##........ . #ha#
####@##.########..... .. #.o#
#.##.#### #..... ..
#..########.##....########.. #>#
#..#...........##.##....##..
######..#...........##.##....##..
........#...:.......#...#....##..
........#..(..##.####.÷.#....##..
........#.....##.# #............
........#.....##.# #......^.##..


You could see an orc priest and an orc wizard.

Vanquished Creatures
  The ghost of teton the Destroyer, a novice DECj (D:7)
  2 polar bears (D:8)
  A hippogriff (D:7)
  A vampire (D:9)
  A yak (D:8)
  A water moccasin (D:7)
  3 ice beasts
  5 orc warriors
  2 sky beasts
  2 black bears
  A phantom (D:8)
  6 ogres
  2 wolves (D:8)
  2 centaurs
  A crocodile (D:9)
  The ghost of varam the Twirler, an amateur GrGl (D:3)
  A gnoll sergeant (D:6)
  Blork the orc (D:6)
  2 bullfrogs
  2 scorpions (D:6)
  A water moccasin skeleton (D:7)
  3 killer bees (D:8)
  3 howler monkeys (D:9)
  5 crimson imps
  A bullfrog skeleton (D:7)
  2 bullfrog zombies
  2 hounds
  2 jellies
  3 orc priests
  7 orc wizards
  4 iguanas
  9 worker ants
  2 centaur simulacra (D:8)
  A hound skeleton (D:4)
  Robin (D:4)
  6 adders
  11 gnolls
  5 river rats (D:9)
  2 shadow imps (D:6)
  2 white imps
  2 adder skeletons
  3 worms
  3 dart slugs (D:1)
  An adder simulacrum (D:8)
  3 leopard geckos
  24 orcs
  A ball python (D:7)
  6 giant cockroaches
  15 goblins
  9 hobgoblins
  8 jackals
  2 quokkas
  20 bats
  3 frilled lizards
  A jackal skeleton (D:5)
  12 kobolds
  15 rats
238 creatures vanquished.

Vanquished Creatures (others)
  A sky beast (D:7)
1 creature vanquished.

Grand Total: 239 creatures vanquished

Notes
Turn   | Place    | Note
-------+----------+-------------------------------------------
     0 | D:1      | varam the Gargoyle Gladiator began the quest for the Orb.
     0 | D:1      | Reached XP level 1. HP: 12/12 MP: 1/1
   120 | D:1      | Reached XP level 2. HP: 17/17 MP: 2/2
   407 | D:1      | Reached skill level 4 in Staves
   435 | D:1      | Reached XP level 3. HP: 17/21 MP: 3/3
   629 | D:1      | Found a glowing golden altar of the Shining One.
   937 | D:2      | Reached XP level 4. HP: 22/26 MP: 4/4
  1185 | D:2      | Reached skill level 5 in Staves
  1507 | D:2      | Reached skill level 1 in Armour
  1630 | D:3      | Reached skill level 3 in Fighting
  1630 | D:3      | Reached XP level 5. HP: 15/32 MP: 5/5
  2163 | D:3      | Reached skill level 4 in Fighting
  2363 | D:3      | Noticed varam's ghost (amateur GrGl)
  2377 | D:3      | Killed varam's ghost
  2377 | D:3      | Reached skill level 5 in Fighting
  2377 | D:3      | Reached XP level 6. HP: 28/40 MP: 6/6
  2763 | D:4      | Found a deep blue altar of Sif Muna.
  2831 | D:4      | Found a sparkling altar of Nemelex Xobeh.
  2921 | D:4      | Found a staircase to the Ecumenical Temple.
  2926 | Temple   | Entered the Ecumenical Temple
  2966 | Temple   | Became a worshipper of Warmaster Okawaru
  3071 | D:4      | Noticed Robin
  3186 | D:4      | Reached skill level 6 in Staves
  3207 | D:4      | Killed Robin
  3335 | D:5      | Entered Level 5 of the Dungeon
  3343 | D:4      | Reached XP level 7. HP: 42/44 MP: 7/7
  3821 | D:5      | Reached skill level 7 in Staves
  4102 | D:5      | Reached * piety under Okawaru
  5027 | D:6      | Reached skill level 8 in Staves
  5027 | D:6      | Reached XP level 8. HP: 43/49 MP: 8/8
  5031 | D:6      | Found a shimmering altar of Xom.
  5187 | D:5      | Reached skill level 9 in Staves
  5700 | D:6      | Noticed Blork the orc
  5719 | D:6      | Killed Blork the orc
  5719 | D:6      | Reached ** piety under Okawaru
  5759 | D:6      | Got a pitted ring mail
  5770 | D:6      | Identified the +5 ring mail "Dycsoh" {rC+ MR+ Str+3} (You found it on level 6 of the Dungeon)
  5855 | D:6      | Found a basalt altar of Yredelemnul.
  6323 | D:7      | Reached skill level 2 in Armour
  6369 | D:7      | Reached skill level 3 in Armour
  6369 | D:7      | Reached XP level 9. HP: 41/54 MP: 9/9
  6493 | D:7      | Reached skill level 4 in Armour
  6584 | D:7      | Reached skill level 5 in Armour
  6856 | D:6      | Reached skill level 10 in Staves
  7033 | D:7      | Noticed teton's ghost (novice DECj)
  7066 | D:7      | Killed teton's ghost
  7066 | D:7      | Reached skill level 11 in Staves
  7818 | D:7      | Reached *** piety under Okawaru
  8096 | D:7      | Reached skill level 12 in Staves
  8218 | D:8      | Reached XP level 10. HP: 32/59 MP: 10/10
  8388 | D:8      | Noticed a death yak
  8518 | D:8      | Reached skill level 1 in Invocations
  8560 | D:8      | Reached skill level 2 in Invocations
  8608 | D:8      | Reached **** piety under Okawaru
  8608 | D:8      | Reached skill level 3 in Invocations
  8799 | D:8      | Reached skill level 13 in Staves
  8839 | D:9      | Found an opulent altar of Gozag.
  9070 | D:9      | Found a staircase to the Orcish Mines.
  9229 | D:9      | Found a staircase to the Lair.
  9251 | D:9      | Found an ancient bone altar of Kikubaaqudgha.
  9526 | D:9      | Found a hide-covered altar of Uskayaw.
  9603 | D:9      | HP: 1/59 [orc priest/divine providence (12)]
  9604 | D:9      | Killed from afar by an orc priest

Skill      XL: |  1  2  3  4  5  6  7  8  9 10 |
---------------+-------------------------------+-----
Staves         | 4 5 6 8 9 12 13 | 13.7
Armour         | 1 3 5 |  5.0
Fighting       | 3 5 |  5.4
Invocations    | 3 |  3.0
Throwing       | |  1.7
Dodging        | |  2.4

Action                   |  1- 3 |  4- 6 |  7- 9 | 10-12 || total
-------------------------+-------+-------+-------+-------++-------
Melee: Quarterstaff      |    98 |   248 |   392 |   286 ||  1024
Invok: Heroism           |       |       |     5 |     7 ||    12
  Use: Potion            |       |       |     2 |       ||     2
       Scroll            |       |       |       |     1 ||     1
  Eat: Chunk             |       |    21 |    15 |     5 ||    41
Armor: Leather armour    |    37 |    44 |       |       ||    81
       Ring mail         |       |    37 |   112 |    87 ||   236
Dodge: Dodged            |    64 |   157 |   258 |   190 ||   669
